 Dungeon Crawl Stone Soup version 0.28.0 (webtiles) character file.

Game seed: 184623291579055636

81 fragbeetle the Chopper (level 4, -2/39 HPs)
             Began as a Minotaur Monk on Feb 18, 2022.
             Was a Believer of Makhleb.
             Slain by Sigmund (10 damage)
             ... on level 2 of the Dungeon.
             The game lasted 00:02:15 (2233 turns).

fragbeetle the Chopper (Minotaur Monk)              Turns: 2233, Time: 00:02:15

Health: -2/39      AC:  3    Str: 18    XL:     4   Next: 20%
Magic:  3/3        EV: 12    Int:  7    God:    Makhleb [**....]
Gold:   87         SH:  0    Dex: 12    Spells: 3/3 levels left

rFire   . . .      SeeInvis .   a - +0 hand axe
rCold   . . .      Faith    .   (no shield)
rNeg    . . .      Spirit   .   d - +0 leather armour
rPois   .          Reflect  .   (helmet restricted)
rElec   .          Harm     .   (no cloak)
rCorr   .          Rampage  .   (no gloves)
Will    .....                   (no boots)
Stlth   +.........              (no amulet)
HPRegen 0.13/turn               (no ring)
MPRegen 0.08/turn               (no ring)

@: no status effects
A: horns 2, retaliatory headbutt
a: Renounce Religion, Minor Destruction


You were on level 2 of the Dungeon.
You worshipped Makhleb.
Makhleb was pleased with you.
You visited 1 branch of the dungeon, and saw 2 of its levels.

You collected 87 gold pieces.

Inventory:

Hand Weapons
 a - a +0 hand axe (weapon)
Armour
 d - a +0 leather armour (worn)
Wands
 j - a wand of flame (13)
Scrolls
 b - a scroll of torment {unknown}
 f - a scroll of blinking {unknown}
 g - a scroll of identify {unknown}
 h - a scroll of noise {unknown}
 i - a scroll of enchant weapon {unknown}
Potions
 c - a potion of haste {unknown}
 e - a potion of curing {unknown}


   Skills:
 - Level 3.6 Fighting
 * Level 6.1 Axes
 - Level 3.2 Dodging
 - Level 1.5 Stealth


You had 3 spell levels left.
You didn't know any spells.
Your spell library contained the following spells:

 Spells                   Type           Power      Damage    Failure   Level
 Gell's Gravitas          Tloc           0%         N/A       86%         3
 Teleport Other           Tloc           0%         N/A       86%         3
 Dispersal                Tloc           0%         N/A       100%        6


Dungeon Overview and Level Annotations

Branches:
Dungeon (2/15)

Altars:
Makhleb

Annotations:
D:2 Sigmund


Innate Abilities, Weirdness & Mutations

You have a pair of horns on your head.
You reflexively headbutt those who attack you in melee.


Message History

You kill the goblin!
Makhleb accepts your kill.
No target in view!
Things that are here:
a +0 club; a goblin corpse Sigmund is nearby!
Sigmund shouts!
You slash Sigmund!
Sigmund is moderately wounded.
Sigmund casts a spell at you. You resist with some effort.
You hit Sigmund. You headbutt Sigmund, but do no damage.
Sigmund is heavily wounded.
Sigmund hits you with a +2 scythe of freezing.
Sigmund freezes you.
You closely miss Sigmund.
Sigmund is heavily wounded.
Sigmund hits you with a +2 scythe of freezing!
Sigmund freezes you.
You are too injured to fight recklessly!
You are too injured to fight recklessly!
You are too injured to fight recklessly!
You hit Sigmund. You headbutt Sigmund.
Sigmund is severely wounded.
You completely miss Sigmund. Your headbutt misses Sigmund.
Sigmund is severely wounded.
Sigmund gestures wildly while chanting.
Sigmund flickers and vanishes!
Deactivating autopickup; reactivate with Ctrl-A.
You hit something.
You hear some strange, mumbled words.
A magic dart appears from out of thin air!
The magic dart hits you!
* * * LOW HITPOINT WARNING * * *
You miss something. Something hits you.
* * * LOW HITPOINT WARNING * * *
Something freezes you.
* * * LOW HITPOINT WARNING * * *
You miss something. Something hits you!
You die...

#...<...##.#
#.# #.#.#
#.########.#
#.# ###.#.#
##.....†....#
#.# ##...<.#
#...#.#######
#.# ..#.....#
....#.#
#.##.........#
#.###.#
#......#.....#
##...##
#)######.....#
##### #.#
###.### #@#
#.#
#.{.......@#
#########


There were no monsters in sight!

Vanquished Creatures
  Robin (D:2)
  2 worms (D:2)
  A dart slug (D:1)
  3 endoplasms
  3 giant cockroaches
  15 goblins
  8 hobgoblins
  4 jackals (D:1)
  2 quokkas (D:1)
  7 ball pythons
  3 frilled lizards
  3 kobolds
  2 rats
54 creatures vanquished.

Notes
Turn   | Place    | Note
-------+----------+-------------------------------------------
     0 | D:1      | fragbeetle the Minotaur Monk began the quest for the Orb.
     0 | D:1      | Reached XP level 1. HP: 19/19 MP: 0/0
   416 | D:1      | Reached skill level 4 in Axes
   528 | D:1      | Reached XP level 2. HP: 26/26 MP: 1/1
   876 | D:1      | Reached skill level 5 in Axes
  1022 | D:1      | Reached XP level 3. HP: 30/31 MP: 2/2
  1448 | D:2      | Noticed Robin
  1685 | D:2      | Killed Robin
  1815 | D:2      | Reached skill level 6 in Axes
  1815 | D:2      | Reached XP level 4. HP: 39/39 MP: 3/3
  1885 | D:2      | Found a faded altar of an unknown god.
  1917 | D:2      | Prayed at the altar of an unknown god.
  1917 | D:2      | Became a worshipper of Makhleb the Destroyer
  1917 | D:2      | Reached * piety under Makhleb
  1917 | D:2      | Reached ** piety under Makhleb
  1921 | D:2      | Noticed Sigmund
  2233 | D:2      | Slain by Sigmund

Illustrated notes

Levels and vault maps discovered:
D:1:      dpeg_arrival_tiny_c, layout_loops_corners
D:2:      layout_loops_ring, basic_ecumenical_altar, kennysheep_doodads,
          uniq_robin, uniq_sigmund

Skill      XL: |  1  2  3 |
---------------+----------+-----
Axes           | 4 5 6 |  6.1
Fighting       | |  3.6
Dodging        | |  3.2
Stealth        | |  1.5

Action                   |  1- 3 |  4- 6 || total
-------------------------+-------+-------++-------
Melee: Hand axe          |    97 |    23 ||   120
       Headbutt          |    15 |     4 ||    19
       Punch             |     2 |       ||     2
 Stab: Sleeping          |     1 |       ||     1
Armor: Robe              |     2 |       ||     2
       Leather armour    |     8 |     4 ||    12
Dodge: Dodged            |    60 |    11 ||    71
